 Dungeon Crawl Stone Soup version 0.20-a0-80-g14a9077 (webtiles) character file.

191 C3l3ry the Sneak (level 5, 0/24 HPs)
             Began as a Spriggan Enchanter on Nov 20, 2016.
             Was an Initiate of Okawaru.
             Succumbed to a scorpion's poison
             ... on level 4 of the Dungeon.
             The game lasted 00:25:18 (4502 turns).

C3l3ry the Sneak (Spriggan Enchanter)               Turns: 4502, Time: 00:25:19

Health: 0/24       AC:  3    Str:  5    XL:     5   Next: 42%
Magic:  3/10       EV: 18    Int: 17    God:    Okawaru [......]
Gold:   137        SH:  0    Dex: 16    Spells: 3 memorised, 3 levels left

rFire  . . .     SeeInvis +     a - +1 dagger
rCold  . . .     Gourm    .     b - +1 robe
rNeg   . . .     Faith    .     (shield restricted)
rPois  .         Spirit   .     (helmet restricted)
rElec  .         Reflect  .     (no cloak)
rCorr  .         Harm     .     (gloves unavailable)
MR     .....                    (boots unavailable)
Stlth  +++.......               (no amulet)
                                (no ring)
                                (no ring)

@: lethally poisoned (0 -> -14), very quick
A: unfitting armour, see invisible, herbivore 3, speed 3, slow metabolism 2
a: Renounce Religion


You were on level 4 of the Dungeon.
You worshipped Okawaru.
Okawaru was noncommittal.
You were hungry.

You visited 1 branch of the dungeon, and saw 4 of its levels.

You collected 137 gold pieces.

Inventory:

Hand Weapons
 a - a +1 dagger (weapon)
Armour
 b - a +1 robe (worn)
Jewellery
 q - an uncursed ring of stealth {unknown}
Scrolls
 e - a scroll of teleportation {unknown}
 g - a scroll of fear {unknown}
 h - 5 scrolls of identify {unknown}
 i - a scroll of random uselessness {unknown}
 j - a scroll of enchant weapon {unknown}
 k - 4 scrolls of immolation {unknown}
 l - a scroll of remove curse {unknown}
 n - a scroll of fog {unknown}
Potions
 m - a potion of haste {unknown}
 r - a potion of heal wounds {unknown}
Books
 c - a book of Maledictions

   Spells                             Type                      Level
   a - Corona                         Hexes                        1
   b - Ensorcelled Hibernation        Hexes/Ice                    2
   c - Confuse                        Hexes                        3
   d - Tukima's Dance                 Hexes                        3
   e - Dazzling Spray                 Conjuration/Hexes            3
 p - a book of Minor Magic

   Spells                             Type                      Level
   a - Magic Dart                     Conjuration                  1
   b - Blink                          Translocation                2
   c - Call Imp                       Summoning                    2
   d - Repel Missiles                 Charms/Air                   2
   e - Slow                           Hexes                        2
   f - Conjure Flame                  Conjuration/Fire             3
   g - Mephitic Cloud                 Conjuration/Poison/Air       3
Comestibles
 d - 2 bread rations
 o - a slice of pizza


   Skills:
 - Level 4.1 Short Blades
 - Level 3.0 Dodging
 + Level 6.3 Stealth
 - Level 2.6 Spellcasting
 * Level 4.8 Hexes


You had 3 spell levels left.
You knew the following spells:

 Your Spells              Type           Power        Failure   Level  Hunger
a - Corona                Hex            ###....      2%          1    #......
b - Ensorcelled Hibernat  Hex/Ice        ##....       12%         2    ##.....
c - Confuse               Hex            ###.....     10%         3    ###....


Dungeon Overview and Level Annotations

Branches:
Dungeon (4/15)
 Temple: D:4-7

Altars:
Okawaru
Qazlal


Innate Abilities, Weirdness & Mutations

You are very small and have problems with some larger weapons.
You are too small for most types of armour.
You have supernaturally acute eyesight. (SInv)
You are a herbivore.
You cover ground extremely quickly.
You need consume almost no food.


Message History

You hit the scorpion.
The scorpion is moderately wounded.
* * * LOW HITPOINT WARNING * * *
You feel sick. The scorpion closely misses you.
You barely miss the scorpion.
The scorpion is moderately wounded.
You closely miss the scorpion.
The scorpion is moderately wounded.
* * * LOW HITPOINT WARNING * * *
You feel sick. The scorpion stings you.
* * * LOW HITPOINT WARNING * * *
You closely miss the scorpion.
The scorpion is moderately wounded.
The scorpion stings you.
* * * LOW HITPOINT WARNING * * *
You are more poisoned.
The scorpion poisons you!
You hit the scorpion but do no damage.
The scorpion is moderately wounded.
You die...

...# ##......## #......#### #..
#### ####......####.####.# #..
######.....###....#.# #.# ###
.....#.##### #.##.#.# #s#
.###.#.# #.#..#s# #.# .#...#.#
#.#..#.# #.#######
.#.###.#######.#.<#.# #.......#
.#.###...s...#.####.##########.#
....########.#..@s...........#.#
.#..# #s######.########.#.#
.#..# #.# #..........#.# .#..#
#.# ############.# ....# #.# #.#
###.# #s#################.##
....# #.............s.......
##### ###################.## #.#


You could see a scorpion.

Vanquished Creatures
  2 hounds (D:4)
  A worker ant (D:4)
  6 adders
  2 leopard geckos (D:2)
  3 ball pythons
  5 giant cockroaches
  2 goblins
  8 hobgoblins
  4 jackals (D:2)
  A quokka (D:4)
  6 bats
  2 frilled lizards (D:1)
  5 kobolds
  8 rats
55 creatures vanquished.

Notes
Turn   | Place    | Note
-------+----------+-------------------------------------------
     0 | D:1      | C3l3ry the Spriggan Enchanter began the quest for the Orb.
     0 | D:1      | Reached XP level 1. HP: 9/9 MP: 5/5
   614 | D:1      | Reached XP level 2. HP: 13/13 MP: 6/6
   618 | D:1      | Learned a level 2 spell: Ensorcelled Hibernation
  1390 | D:2      | Reached XP level 3. HP: 16/16 MP: 0/8
  1554 | D:2      | Reached skill level 5 in Stealth
  1703 | D:2      | Found a stormy altar of Qazlal.
  1770 | D:2      | Found an iron altar of Okawaru.
  1782 | D:2      | Reached XP level 4. HP: 20/21 MP: 0/9
  1881 | D:2      | Learned a level 3 spell: Confuse
  1913 | D:2      | Became a worshipper of Warmaster Okawaru
  3225 | D:4      | Noticed an ogre
  3653 | D:4      | Reached skill level 6 in Stealth
  3756 | D:4      | Reached XP level 5. HP: 20/24 MP: 0/10
  4501 | D:4      | HP: 1/24 [scorpion (2)]
  4502 | D:4      | Succumbed to a scorpion's poison

Vault maps used:
D:1:      ncdulo_smallfort
D:2:      nicolae_overflow_crystal_walls, okawaru_gym_becter
D:3:      small_statue_intersection, patterned_corridor
D:4:      chequers_temple_overflow_statue_of_worship, first_bread,
          nicolae_ossuary_entry_monument

Skill      XL: |  1  2  3  4 |
---------------+-------------+-----
Short Blades   | 2 3 4 |  4.1
Stealth        | 5 6 |  6.3
Hexes          | 4 |  4.8
Dodging        | |  3.0
Spellcasting   | |  2.6

Action                   |  1- 3 |  4- 6 || total
-------------------------+-------+-------++-------
Melee: Dagger            |   143 |    87 ||   230
 Cast: Corona            |     1 |       ||     1
       Ensorcelled Hiber |    16 |    33 ||    49
       Confuse           |       |     2 ||     2
 Stab: Sleeping          |    14 |    11 ||    25
       Distracted        |       |     2 ||     2
       Confused          |       |     1 ||     1
  Eat: Fruit             |       |     4 ||     4
Armor: Robe              |    26 |     6 ||    32
Dodge: Dodged            |   109 |    56 ||   165
